[Event "*** Titled Tuesday 3|2 Blitz"]
[Site "Chess.com"]
[Date "2016.10.04"]
[Round "8"]
[White "TomsKantans"]
[Black "Kubas1010"]
[Result "1-0"]
[WhiteElo "2475"]
[BlackElo "2454"]
[TimeControl "180+2"]
[EndTime "12:39:51 PDT"]
[Termination "TomsKantans won by resignation"]

1. e4 e5 2. Nf3 Nc6 3. d4 exd4 4. Nxd4 g6 5. Nc3 Bg7 6. Be3 Nf6 7. Be2 O-O 8. f4 d6 9. Bf3 Bd7 10. O-O Re8 11. Re1 h5 12. h3 Nxd4 13. Bxd4 Bc6 14. Qd2 Nd7 15. Bxg7 Kxg7 16. Rad1 Qh4 17. b4 a6 18. a3 Rad8 19. Kh2 Qf6 20. g3 Nf8 21. h4 Nd7 22. Re3 Re6 23. Ne2 Nb6 24. Nd4 Ree8 25.
Nxc6 bxc6 26. Qc3 d5 27. e5 Qe6 28. Be2 Ra8 29. Qc5 Nd7 30. Qa5 c5 31. Qxc7 cxb4 32.
axb4 Rec8 33. Qd6 Rxc2 34. Rxd5 Qxd6 35. Rxd6 Nf8 36. Kh3 a5 37. b5 Ne6 38. Bf3 Rb8 39.
Bc6 Nc5 40. Rd5 Ne6 41. Rd7 Nc5 42. Ra7 a4 43. e6 Nxe6 44. Rxe6 Rd8 45. Re1 Rdd2 46.
Rh1 Rd4 47. Be8 Kf8 48. Bxf7 Rb4 49. Bxg6 Rd2 50. Bxh5 Rxb5 51. Kg4 1-0

[Event "*** Titled Tuesday 3|2 Blitz"]
[Site "Chess.com"]
[Date "2016.10.04"]
[Round "8"]
[White "ftorodent"]
[Black "biostatistician"]
[Result "1/2-1/2"]
[WhiteElo "2507"]
[BlackElo "2435"]
[TimeControl "180+2"]
[EndTime "12:40:07 PDT"]
[Termination "Game drawn - insufficient material"]

1. d4 Nf6 2. c4 g6 3. Nc3 Bg7 4. e4 d6 5. Nf3 O-O 6. Be2 e5 7. O-O Nc6 8. d5 Ne7 9. a4 Nh5 10. Re1 f5 11. Ng5 Nf6 12. Bf3 fxe4 13. Ncxe4 Nxe4 14. Bxe4 Nf5 15. a5 Nd4 16. Nxh7 Kxh7 17.
Qh5+ Kg8 18. Bxg6 Rf6 19. Qh7+ Kf8 20. Bh6 Rxg6 21. Qxg6 Qe7 22. f4 Bf5 23. Qh5 Bxh6 24. Qxh6+ Qg7 25. Qxg7+ Kxg7 26. fxe5 Nc2 27. Rf1 Nxa1 28. Rxf5 dxe5 29. Rxe5 Kf7 30. Rf5+ Ke7 31. Re5+ Kd7 32. a6 bxa6 33. Re6 a5 34. Ra6 Nb3 35. h4 Rb8 36. Rxa7 Rb4 37. c5 Nxc5 38. Rxa5 Nd3 39. Ra3 Nxb2 40. Rh3 Ke7 41. h5 Kf7 42. Rc3 Rc4 43.
Rb3 Rc2 44. Rg3 Rd2 45. h6 Rxd5 46.
Rg7+ Kf6 47. g4 c5 48. Rb7 Nd3 49. h7 Rd8 50. Rd7 Rh8 51. Rxd3 Rxh7 52. Kg2 c4 53.
Rd6+ Ke5 54. Rc6 Kd5 55. Rc8 Rh6 56. Kf3 Rc6 57. Rxc6 Kxc6 58. Ke3 Kd5 59. Kd2 Ke5 60. Kc3 Kf4 61. Kxc4 Kxg4 1/2-1/2

[Event "*** Titled Tuesday 3|2 Blitz"]
[Site "Chess.com"]
[Date "2016.10.04"]
[Round "8"]
[White "petrpalachev"]
[Black "Noukii"]
[Result "1/2-1/2"]
[WhiteElo "2415"]
[BlackElo "2605"]
[TimeControl "180+2"]
[EndTime "12:40:11 PDT"]
[Termination "Game drawn - insufficient material"]

1. e4 Nf6 2. d3 e5 3. Nf3 Nc6 4. Be2 d5 5. Nbd2 g6 6. O-O Bg7 7. c3 a5 8. b3 O-O 9. a3 h6 10. Bb2 Be6 11. Qc2 Nh5 12. Rfe1 f5 13. exf5 Bxf5 14. g3 Qf6 15. c4 d4 16. Ne4 Bxe4 17. dxe4 Rad8 18. Rad1 Qf7 19. Rf1 Nf6 20. Ne1 g5 21. c5 Kh8 22. f3 Qg6 23. Bd3 Nd7 24. Ng2 Rf6 25. Rf2 Rdf8 26. Rdf1 Qe8 27.
Bb5 Qe6 28. Bxc6 Qxc6 29. b4 axb4 30. axb4 Qb5 31. Qd2 b6 32. cxb6 Rxb6 33. f4 Rbf6 34.
fxe5 Nxe5 35. Rxf6 Rxf6 36. Rxf6 Bxf6 37. Ne1 Nc4 38. Qf2 Qb6 39. Nd3 Qe6 40. Bxd4 Bxd4 41.
Qxd4+ Kh7 42. Nc5 Qf7 43. Qd7 Qxd7 44. Nxd7 Kg6 45. Kf2 Kf7 46. Kf3 Ke6 47. Nc5+ Kf6 48. Nd3 h5 49. h4 c6 50. hxg5+ Kxg5 51. Kg2 Nd2 52. Nf2 Kf6 53. Kh3 Kg5 54. e5 Nf3 55.
e6 Kf6 56. Nd3 Kxe6 57. Nf4+ Kf5 58. Nxh5 Ng5+ 59. Kg2 Ke4 60. Nf6+ Kd4 61. Nd7 Kd5 62. g4 Kc4 63. Ne5+ Kxb4 64. Nxc6+ Kc5 65. Ne5 Kd5 66. Nf3 Ne4 67. Kh3 Nf2+ 68. Kh4 Nxg4 69. Kxg4 1/2-1/2

[Event "*** Titled Tuesday 3|2 Blitz"]
[Site "Chess.com"]
[Date "2016.10.04"]
[Round "8"]
[White "Zhani-Z"]
[Black "AdrianaNikolova"]
[Result "1-0"]
[WhiteElo "2344"]
[BlackElo "2257"]
[TimeControl "180+2"]
[EndTime "12:40:14 PDT"]
[Termination "Zhani-Z won by resignation"]

1. e4 c5 2. Nf3 Nc6 3. d4 cxd4 4. Nxd4 d6 5. Nc3 Nf6 6. Bc4 e6 7. Bb3 Be7 8. Be3 O-O 9. f4 a6 10. O-O Qc7 11. f5 Nxd4 12. Bxd4 b5 13. a3 e5 14. Bf2 Bb7 15. Qd3 Rac8 16. Bh4 Ng4 17. Bxe7 Qxe7 18. h3 Nf6 19. Rf2 Nd7 20. Bd5 Nc5 21. Qe3 Kh8 22.
Bxb7 Qxb7 23. f6 g6 24. Rd1 Rfd8 25. Rfd2 Rc6 26. Qh6 Ne6 27. Nd5 Rc4 28. Re1 Rg8 29. c3 a5 30. Ne7 Rd8 31. Rde2 b4 32. axb4 axb4 33. Nd5 bxc3 34. bxc3 Rg8 35. Ra1 Qc6 36. Kh1 Qc5 37. Rea2 Rxe4 38. Ne7 Rb8 39. Ra8 Qc7 40. R1a7 Qb6 41. Rxb8+ Qxb8 42. Nxg6+ Kg8 43. Ne7+ Kh8 44. Nc6 Re1+ 45. Kh2 Qg8 46. Rb7 Nf8 47. Ne7 Re2 48. Nxg8 Ne6 49. Rb8 Rxg2+ 50. Kxg2 Nf4+ 51. Kh1 1-0

[Event "*** Titled Tuesday 3|2 Blitz"]
[Site "Chess.com"]
[Date "2016.10.04"]
[Round "8"]
[White "dretch"]
[Black "Lukianoo"]
[Result "0-1"]
[WhiteElo "2639"]
[BlackElo "2740"]
[TimeControl "180+2"]
[EndTime "12:40:53 PDT"]
[Termination "Lukianoo won by resignation"]

1. d4 Nf6 2. c4 e6 3. Nc3 Bb4 4. Qc2 O-O 5. e4 d5 6. e5 Ne4 7.
Bd3 c5 8. Nf3 cxd4 9. Nxd4 Nc6 10. Nxc6 bxc6 11. O-O f5 12. exf6 Nxf6 13. Bg5 h6 14.
Bh4 Bd6 15. Kh1 Qc7 16. cxd5 exd5 17. Rac1 Bf4 18. Bg3 Bd7 19. Nb5 Qb8 20. Nd4 Bxg3 21. fxg3 Ng4 22. Nxc6 Qd6 23. Nd4 Rxf1+ 24. Bxf1 Rf8 25.
Nf3 Qb4 26. Qc3 Qb6 27. h3 Nf2+ 28. Kh2 Rc8 29. Qd2 Rxc1 30. Qxc1 Ne4 31. b3 Qf2 32.
Qe1 Qxa2 33. b4 Qb3 34. Ba6 Kh7 35. Bf1 Be8 36. Nd4 Qb2 37. Bd3 Qxd4 38. Qe2 Qxb4 39. Qg4 Qd4 40. Bb1 Qe5 41. h4 Bh5 42. Qh3 Bg6 43.
Qg4 a5 44. Bc2 Bh5 45. Qh3 Qc3 46. Bxe4+ dxe4 47. Qf5+ Bg6 48. Qg4 Qe5 49. Qd1 e3 50.
Qe2 a4 51. Kh3 a3 52. g4 a2 53. h5 Bb1 54. g5 hxg5 55. h6 a1=Q 56. hxg7 Qf5+ 57.
g4 Qd3 58. g8=B+ Kh8 59. Qh2 e2+ 60. Kg2+ Kxg8 61. Qb8+ Kf7 62. Qc7+ Ke6 63. Qc6+ Ke5 64. Qc7+ Kd4 65. Qd6+ Kc4 66. Qc6+ Kb3 67. Qb6+ Kc2 68.
Qc5+ Qac3 0-1

[Event "*** Titled Tuesday 3|2 Blitz"]
[Site "Chess.com"]
[Date "2016.10.04"]
[Round "8"]
[White "David_Klein"]
[Black "RodinMihail"]
[Result "1/2-1/2"]
[WhiteElo "2388"]
[BlackElo "2351"]
[TimeControl "180+2"]
[EndTime "12:41:07 PDT"]
[Termination "Game drawn - insufficient material"]

1. f4 d5 2. Nf3 g6 3. e3 Bg7 4. Nc3 Nf6 5. b3 O-O 6. Bb2 c5 7.
Ne2 Nc6 8. Ne5 Nxe5 9. Bxe5 Ne4 10. Bxg7 Kxg7 11. d3 Nd6 12. Qd2 a5 13. Qc3+ Kg8 14. Qxc5 Be6 15. Qa3 a4 16. Qb2 axb3 17. axb3 Qb6 18.
Nd4 Bd7 19. Be2 f6 20. O-O e5 21. Rxa8 Rxa8 22. fxe5 fxe5 23. Nf3 Qxe3+ 24. Rf2 d4 25. Bf1 Bc6 26. Qb1 Bxf3 27. gxf3 Nf5 28. Bg2 Nh4 29. Kf1 b5 30. Re2 Qf4 31. Kg1 b4 32. Re4 Qg5 33.
Rg4 Qe3+ 34. Kh1 Qf2 35. Qg1 Qxg1+ 36. Kxg1 Nf5 37. Re4 Ra2 38. Rxe5 Rxc2 39. f4 Rc3 40. Rb5 Rxd3 41. Rxb4 Ne3 42. Be4 Rd2 43. Rb7 Ng4 44. h3 Nf2 45. Bd5+ Kf8 46. Rxh7 d3 47. Bc4 Ne4 48. Rd7 Rd1+ 49. Kg2 d2 50. Be2 Re1 51. Bf3 Ke8 52. Rd4 Ke7 53. Bxe4 d1=Q 54. Rxd1 Rxd1 55.
Bxg6 Kf6 56. Bh7 Rd4 57. Kg3 Kg7 58. Bf5 Kf6 59. Bh7 Rd7 60. Be4 Rd4 61. Bc6 Kf5 62. Bb5 Rxf4 63. Bd3+ Kg5 64. Bc4 Re4 65. Bd5 Re3+ 66.
Kg2 Rd3 67. Bc4 Rc3 68. Kf2 Rxh3 69. Ke2 Kf4 70. Kd2 Ke4 71. Be6 Rg3 72. Kc2 Kd4 73. Kb2 Rg2+ 74. Ka3 Kc3 75. Ka4 Re2 76. Bc4 Re5 77.
Bg8 Rg5 78. Bc4 Rf5 79. Be6 Rf6 80. Bc4 Rb6 81. Ka5 Rxb3 82. Bxb3 1/2-1/2

[Event "*** Titled Tuesday 3|2 Blitz"]
[Site "Chess.com"]
[Date "2016.10.04"]
[Round "8"]
[White "Oleksandr_Bortnyk"]
[Black "wonderfultime"]
[Result "1-0"]
[WhiteElo "2758"]
[BlackElo "2699"]
[TimeControl "180+2"]
[EndTime "12:41:12 PDT"]
[Termination "Oleksandr_Bortnyk won by resignation"]

1. e4 c5 2. Nf3 d6 3. c3 Nf6 4. h3 g6 5. Bd3 Bg7 6. O-O O-O 7.
Bc2 Nc6 8. d4 cxd4 9. cxd4 Nb4 10. Bb3 d5 11. e5 Ne4 12. Nc3 Nxc3 13. bxc3 Nc6 14. Bg5 Na5 15. Bc2 Qc7 16. Re1 b6 17. Rc1 Nc4 18. Nd2 Nxd2 19. Qxd2 Ba6 20. Bh6 Rac8 21.
Bxg7 Kxg7 22. Re3 Bc4 23. Bb1 b5 24. h4 h5 25. Rg3 Qd7 26. Qg5 Rc6 27. Qxh5 Rh8 28.
Qg5 Be2 29. Re1 Bh5 30. Qf4 a5 31. a3 Qc7 32. Rg5 Rxc3 33. g4 f6 34. gxh5 fxg5 35. Qxg5 Qd7 36. Qxg6+ Kf8 37. e6 Qe8 38. Qf5+ Kg8 39.
Kh1 Rh6 40. Rg1+ Kh8 41. Qf7 Qxf7 42. exf7 Rh3+ 43. Kg2 Rf6 44. Kxh3 Rxf7 45. Rg5 e6 46. Kg2 b4 47. axb4 axb4 48. Rg3 Rf4 49. Rg6 Rxh4 50. Rxe6 Rxh5 51. Rb6 Rg5+ 52. Kf1 Kg7 53. Rxb4 Kf6 54. Rb6+ Ke7 55. Ke2 Rg4 56. Ke3 Rh4 57. Ba2 Rh5 58.
Rb5 Kd6 59. Rxd5+ Rxd5 60. Bxd5 Kxd5 61. f4 1-0

[Event "*** Titled Tuesday 3|2 Blitz"]
[Site "Chess.com"]
[Date "2016.10.04"]
[Round "8"]
[White "GMNeiksans"]
[Black "Iuri_Shkuro"]
[Result "1-0"]
[WhiteElo "2665"]
[BlackElo "2524"]
[TimeControl "180+2"]
[EndTime "12:41:44 PDT"]
[Termination "GMNeiksans won by resignation"]

1. e4 Nc6 2. d4 d5 3. e5 Bf5 4. Nf3 f6 5. Bb5 Qd7 6. O-O a6 7. Ba4 b5 8. Bb3 fxe5 9. dxe5 e6 10. c3 Bc5 11. Nd4 Bxd4 12. cxd4 Nge7 13. Be3 Bxb1 14. Rxb1 O-O 15. Rc1 Na5 16. Bc2 Nf5 17. b3 Rac8 18. Bd3 Nc6 19. Bb1 Nce7 20. Qd2 Ng6 21.
Rc5 Ngh4 22. f3 c6 23. Bf2 Qe7 24.
Rfc1 Qd7 25. Qc2 Qe7 26. Qd2 Qe8 27. Bxh4 Nxh4 28. Qf2 Qh5 29. R1c3 b4 30. Re3 Qg5 31. g3 Rc7 32. f4 Qg4 33. Qe2 Qxe2 34. Rxe2 Nf3+ 35.
Kg2 Nxd4 36. Rd2 Nb5 37. Bd3 Nc3 38. a3 Rb8 39. axb4 Nb5 40. Be2 Kf7 41. Kf2 Ke7 42. Ke3 Kd7 43. Rdc2 Na7 44. Bxa6 Rxb4 45. Rb2 Rb6 46. Bd3 Rb4 47. Kd2 Nc8 48. Kc3 Rcb7 49. Bxh7 Ne7 50. Bc2 R4b6 51. Ra2 Rb4 52. Rca5 d4+ 53.
Kd3 Nd5 54. Ra7 c5 55. Rxb7+ Rxb7 56. Ra5 Nb4+ 57. Kd2 Rc7 58. Be4 c4 59. bxc4 Rxc4 60. Ra7+ Ke8 61. Ra4 d3 62. Bxd3 Rd4 63. Ke2 g5 64.
fxg5 Kf7 65. Ra7+ Kg8 66. Ra4 Kg7 67. Bb1 Nc6 68. Rxd4 Nxd4+ 69. Ke3 Nc6 70. Kf4 Nb4 71.
Be4 Kf7 72. h4 Kg7 73. h5 Na6 74. h6+ Kh8 75. g6 Nc5 76. g7+ Kg8 77. Bc2 Nd7 78. Bb3 Nc5 79. Bc4 Kf7 80. Ke3 Kg8 81. Kd4 Nb7 82.
Bxe6+ 1-0

[Event "*** Titled Tuesday 3|2 Blitz"]
[Site "Chess.com"]
[Date "2016.10.04"]
[Round "8"]
[White "Sanan_Sjugirov"]
[Black "LuckyTiger"]
[Result "1/2-1/2"]
[WhiteElo "2684"]
[BlackElo "2585"]
[TimeControl "180+2"]
[EndTime "12:42:30 PDT"]
[Termination "Game drawn - insufficient material"]

1. d4 Nf6 2. Nf3 c5 3. d5 e6 4.
c4 b5 5. Bg5 exd5 6. cxd5 d6 7.
e4 a6 8. a4 Be7 9. Nbd2 O-O 10.
axb5 Nxd5 11. Bxe7 Nxe7 12. Be2 Bb7 13. bxa6 Nxa6 14. O-O Nb4 15. Qb3 d5 16. exd5 Nexd5 17. Rxa8 Bxa8 18. Qc4 Qf6 19. Qxc5 Qxb2 20. Rb1 Qa3 21.
Bc4 Qc3 22. Ne4 Qc2 23. Nfd2 Nd3 24. Bxd3 Qxd3 25. Qd6 h5 26. Rb8 Rxb8 27. Qxb8+ Kh7 28. Qxa8 Nf4 29. Qa1 f6 30. Qf1 Qd4 31. g3 Ne6 32.
Qe2 Qe5 33. Nf3 Qd5 34. Nc3 Qb3 35. Qe4+ Kg8 36. Qe3 Qc4 37. Nd2 Qc6 38. Qe4 Qa6 39. Qc4 Qb6 40. Nd5 Qd4 41. Qxd4 Nxd4 42. Nf4 h4 43.
gxh4 Kf7 44. h5 Nc6 45. Kg2 Nd4 46. Nf3 Nf5 47. Kh3 Nh6 48. Nh4 f5 49. Kg3 Kf6 50. h3 Nf7 51. Nf3 Nd6 52. h4 Ne4+ 53. Kg2 Nd6 54. Ng5 Nc4 55. Nd5+ Ke5 56. Ne3 Nd6 57. Kf3 Nb5 58. Nc4+ Kd5 59. Nb6+ Ke5 60. Ke3 f4+ 61. Kf3 Kf5 62. Kg2 Kg4 63. Nd5 Kxh4 64. Nf3+ Kxh5 65. Nxf4+ Kg4 66. Ne6 Nd6 67. Nxg7 Ne4 68. Ne5+ Kf4 69. Nd3+ Kg5 70. f3 Nd2 71. f4+ Kg6 72. Ne6 Kf5 73. Ng7+ Ke4 74. f5 Nc4 75. f6 Nd6 76. Nf2+ Kf4 77. Kh3 Nf7 78. Ng4 Kg5 79.
Ne6+ Kf5 80. Nd4+ Ke4 81. Ne6 Kf5 82. Ng7+ Kg6 83. Kh4 Nh6 84. Ne6 Nxg4 85. Kxg4 Kxf6 1/2-1/2

[Event "*** Titled Tuesday 3|2 Blitz"]
[Site "Chess.com"]
[Date "2016.10.04"]
[Round "8"]
[White "Wolverine_master"]
[Black "keisyzrk"]
[Result "1/2-1/2"]
[WhiteElo "2069"]
[BlackElo "2288"]
[TimeControl "180+2"]
[EndTime "12:42:50 PDT"]
[Termination "Game drawn by repetition"]

1. e4 e6 2. d4 d5 3. Nd2 a6 4. c4 dxc4 5. Nxc4 b5 6. Ne5 Bb7 7. f3 Bb4+ 8. Kf2 Nf6 9. Be3 O-O 10. Be2 Nbd7 11. Nxd7 Nxd7 12. Nh3 c5 13. a3 cxd4 14. Bxd4 Be7 15. Re1 e5 16. Be3 Bc5 17. Bxc5 Nxc5 18. Qxd8 Rfxd8 19. Rad1 Ne6 20. Rxd8+ Rxd8 21. Rd1 Nd4 22. Ng1 Rc8 23. Bd3 f6 24. Ne2 Nb3 25.
Nc3 Nd4 26. Ne2 Rd8 27. Nxd4 Rxd4 28. Be2 Rxd1 29. Bxd1 Kf7 30. Bb3+ Ke7 31. Ke3 Kd6 32. Kd3 Kc5 33. Bg8 h6 34. b4+ Kd6 35. Bb3 g6 36. Bf7 g5 37. Bg8 Bc8 38. Bd5 f5 39. Bg8 g4 40. exf5 Bxf5+ 41. Ke3 gxf3 42.
Kxf3 Bd3 43. g4 Bc2 44. h4 Bd1+ 45. Kg3 Be2 46. g5 hxg5 47. hxg5 Bc4 48. Bh7 Ke6 49. Kf3 Bd5+ 50. Ke3 Bc4 51. Bg8+ Kf5 52. Bxc4 bxc4 53.
a4 e4 54. b5 c3 55. bxa6 c2 56.
Kd2 Kf4 57. Kxc2 Kf3 58. Kd1 Kf2 59. a7 e3 60. a8=Q e2+ 61. Kc2 e1=Q 62. Qf8+ Kg3 63. Qf6 Qe2+ 64. Kb3 Qd1+ 65. Kb4 Qb1+ 66. Ka5 Qe1+ 67.
Kb6 Qb1+ 68. Ka6 Qd3+ 69. Kb6 Qb3+ 70. Ka5 Qd5+ 71. Ka6 Qc4+ 72. Ka5 Qd5+ 73. Kb4 Qd2+ 74. Kb5 Qd3+ 75. Kb6 Qb3+ 76. Kc7 Qxa4 77. g6 Qa7+ 78.
Kd8 Qb8+ 79. Ke7 Qc7+ 80. Kf8 Qc5+ 81. Kg8 Qd5+ 82. Qf7 Qg5 83. g7 Qd8+ 84. Qf8 Qd5+ 85. Qf7 Qd8+ 86. Kh7 Qh4+ 87. Kg8 Qd8+ 88. Qf8 Qd5+ 89. Kh8 Qh5+ 90. Kg8 Qd5+ 91. Qf7 Qd8+ 92. Kh7 Qh4+ 93. Kg8 Qd8+ 1/2-1/2

[Event "*** Titled Tuesday 3|2 Blitz"]
[Site "Chess.com"]
[Date "2016.10.04"]
[Round "8"]
[White "APL2001"]
[Black "Tarlev_Konstantin"]
[Result "0-1"]
[WhiteElo "2428"]
[BlackElo "2566"]
[TimeControl "180+2"]
[EndTime "12:42:54 PDT"]
[Termination "Tarlev_Konstantin won by resignation"]

1. e4 c5 2. Nf3 e6 3. d4 cxd4 4. Nxd4 a6 5. c4 Nf6 6. Nc3 Qc7 7. Be2 b6 8. O-O Bb7 9. Bf3 d6 10. b3 Be7 11. Bb2 O-O 12. Rc1 Nbd7 13. g3 Rac8 14. Bg2 Qb8 15. Re1 Rfe8 16. h3 Bf8 17. Qd2 g6 18.
Rcd1 h5 19. h4 Ng4 20. Nf3 Nde5 21. Nxe5 dxe5 22. Bf3 Nf6 23. Qg5 Be7 24. Qe3 Bc5 25. Qg5 Be7 26. Qe3 Bc6 27. Nb1 b5 28. cxb5 axb5 29.
Qg5 Ng4 30. Qd2 Nf6 31. Qg5 Nd7 32. Qh6 Nf6 33. Qg5 Ng4 34. Qd2 b4 35. Bxg4 hxg4 36.
Qe2 Qa8 37. Bxe5 Qa5 38. Ba1 Qh5 39. Nd2 Bb5 40. Nc4 Bf8 41. Rc1 e5 42. Qe3 Ra8 43.
Qe2 Ra6 44. Red1 Rf6 45. Rd5 Bxc4 46. bxc4 Rf3 47. c5 g5 48. hxg5 Qxg5 49. Kg2 Re6 50. Rh1 Ref6 51. Rxe5 Rxf2+ 52. Qxf2 Rxf2+ 53. Kxf2 Qd2+ 54. Kf1 Qd1+ 55. Kg2 Qf3+ 56. Kg1 Qxg3+ 57. Kf1 Qf3+ 58. Kg1 f6 59. Reh5 Bxc5+ 60. Rxc5 Qe3+ 61. Kg2 Qxc5 62.
Bxf6 Qc2+ 63. Kg3 Qd3+ 64. Kh4 Qxe4 65. Rg1 Qh7+ 66. Kxg4 Qg6+ 67. Bg5 Qe6+ 68. Kh5 Qxa2 69. Bh6+ Kf7 70. Rg7+ Kf6 71. Rg6+ Kf7 72. Rg7+ Ke6 73. Rg6+ Kd5 74. Rg5+ Kc6 75. Rg6+ Kb5 76. Rg5+ Ka4 77. Rg7 Qd5+ 78. Rg5 Qf7+ 79. Kh4 b3 80. Bg7 Ka3 81.
Rg2 Qf4+ 82. Kh3 Qf5+ 83. Kh2 Qh7+ 84. Kg1 Kb4 85. Bb2 Kc4 86. Rh2 Qb1+ 0-1

[Event "*** Titled Tuesday 3|2 Blitz"]
[Site "Chess.com"]
[Date "2016.10.04"]
[Round "9"]
[White "Holden-Caulfield"]
[Black "jncool68"]
[Result "1-0"]
[WhiteElo "2485"]
[BlackElo "2455"]
[TimeControl "180+2"]
[EndTime "12:46:52 PDT"]
[Termination "Holden-Caulfield won by resignation"]

1. d4 Nf6 2. Nf3 e6 3. Bg5 h6 4. Bh4 b6 5. e3 Bb7 6. Nbd2 c5 7. c3 Be7 8. h3 O-O 9. Bg3 cxd4 10. exd4 Nd5 11.
Bc4 f5 12. O-O Na6 13. Re1 Nac7 14. Ne5 Rc8 15. Ng6 Rf7 16. Nxe7+ Qxe7 17. Nf3 f4 18. Bh2 d6 19. Qe2 g5 20. Nd2 Rcf8 21. Qh5 Qf6 22. Ne4 Qg7 23. Nxd6 Bc6 24. Nxf7 Rxf7 25. Rad1 Nf6 26.
Qe2 f3 27. gxf3 Nd7 28. Bxc7 Bxf3 29. Qxe6 1-0

[Event "*** Titled Tuesday 3|2 Blitz"]
[Site "Chess.com"]
[Date "2016.10.04"]
[Round "9"]
[White "GMOratovsky"]
[Black "ftorodent"]
[Result "0-1"]
[WhiteElo "2412"]
[BlackElo "2516"]
[TimeControl "180+2"]
[EndTime "12:47:50 PDT"]
[Termination "ftorodent won by resignation"]

1. e4 e6 2. d4 d5 3. Nd2 Be7 4. Ngf3 c5 5. c3 cxd4 6. cxd4 dxe4 7.
Nxe4 Nf6 8. Nc3 O-O 9. Bd3 b6 10. Ne5 Bb7 11. Bg5 Nc6 12. Nxc6 Bxc6 13. Bc2 Nd5 14.
Bxe7 Qxe7 15. Qd3 g6 16. Nxd5 Bxd5 17. O-O Rac8 18. Bb3 Rfd8 19. Rac1 Rxc1 20. Rxc1 Qg5 21. Qf1 Bxg2 22. f4 Bxf1+ 23. fxg5 Bh3 24. Rc7 Rxd4 25.
Rxa7 Rf4 26. Rxf7 Kxf7 27. Bc4 Rxc4 0-1

[Event "*** Titled Tuesday 3|2 Blitz"]
[Site "Chess.com"]
[Date "2016.10.04"]
[Round "9"]
[White "stuffings101"]
[Black "Rating-Schmating"]
[Result "0-1"]
[WhiteElo "2134"]
[BlackElo "2223"]
[TimeControl "180+2"]
[EndTime "12:48:15 PDT"]
[Termination "Rating-Schmating won on time"]

1. e4 e6 2. d3 d5 3. Nd2 Nf6 4.
Ngf3 Bc5 5. e5 Nfd7 6. c3 Be7 7.
d4 c5 8. Bd3 Nc6 9. O-O Qb6 10.
Qe2 cxd4 11. cxd4 Nxd4 12. Nxd4 Qxd4 13. Nf3 Qb6 14. a3 a5 15. Be3 Bc5 16. Rac1 Bxe3 17. fxe3 h6 18. Rc2 Nc5 19. Rfc1 Nxd3 0-1

[Event "*** Titled Tuesday 3|2 Blitz"]
[Site "Chess.com"]
[Date "2016.10.04"]
[Round "9"]
[White "Mastervlad8"]
[Black "MyleneFarmer"]
[Result "0-1"]
[WhiteElo "2136"]
[BlackElo "2295"]
[TimeControl "180+2"]
[EndTime "12:48:35 PDT"]
[Termination "MyleneFarmer won by checkmate"]

1. e4 c5 2. Nf3 d6 3. d4 cxd4 4. Nxd4 Nf6 5. Nc3 g6 6. Be3 Bg7 7. f3 O-O 8. Qd2 Nc6 9. g4 Bxg4 10. fxg4 Nxg4 11. Nb3 a5 12. a4 Rc8 13. O-O-O Nb4 14. Kb1 Ne5 15. h4 Nc4 16. Bxc4 Rxc4 17. h5 Qc8 18. Bh6 Bxc3 19. bxc3 Rxc3 20. Bxf8 Rxc2 21. Rc1 Rxc1+ 22. Rxc1 Qe6 23. Nd4 Qxe4+ 24. Ka1 Kxf8 25. Rc8+ Kg7 26. h6+ Kf6 27. Qf2+ Ke5 28. Nf3+ Kd5 29. Qd2+ Nd3 30. Rc3 Qxa4+ 31. Kb1 Qb4+ 32. Kc2 Qa4+ 33.
Kxd3 Qe4# 0-1

[Event "*** Titled Tuesday 3|2 Blitz"]
[Site "Chess.com"]
[Date "2016.10.04"]
[Round "9"]
[White "QuintilianoR"]
[Black "CheckThis4"]
[Result "1-0"]
[WhiteElo "2408"]
[BlackElo "2331"]
[TimeControl "180+2"]
[EndTime "12:48:43 PDT"]
[Termination "QuintilianoR won by resignation"]

1. d4 d5 2. Nc3 Nf6 3. Bf4 g6 4. Qd2 Bg7 5. f3 O-O 6. g4 c5 7. e3 Nc6 8. O-O-O Qa5 9. h4 Nd7 10. h5 e5 11. dxe5 Ndxe5 12. hxg6 hxg6 13. Qh2 Rd8 14. Qh7+ Kf8 15. Bh6 Bxh6 16. Qxh6+ Ke8 17. Qh8+ Ke7 18.
Qh4+ Kd7 19. Rxd5+ Kc7 20. Rxd8 Nxd8 21. Qe7+ Nd7 22.
Nb5+ Kb6 23. Qxd8+ 1-0

[Event "*** Titled Tuesday 3|2 Blitz"]
[Site "Chess.com"]
[Date "2016.10.04"]
[Round "9"]
[White "HovmoellerHest"]
[Black "chessbia"]
[Result "1-0"]
[WhiteElo "2298"]
[BlackElo "2038"]
[TimeControl "180+2"]
[EndTime "12:49:09 PDT"]
[Termination "HovmoellerHest won by resignation"]

1. d4 d5 2. c4 c6 3. Nf3 Nf6 4.
Nbd2 e6 5. g3 Nbd7 6. Bg2 Be7 7.
O-O O-O 8. Qc2 b6 9. e4 dxe4 10. Nxe4 Bb7 11. Nc3 Rc8 12. Rd1 Qc7 13. Bf4 Bd6 14.
Bg5 Qb8 15. Rac1 h6 16. Be3 Rfe8 17. Qa4 c5 18. d5 exd5 19. cxd5 a6 20. Nh4 b5 21.
Qc2 Ne5 22. Nf5 Neg4 23. Nxd6 Nxe3 24. Nxe8 Nxc2 25. Nxf6+ gxf6 26. Rxc2 Rd8 27. Ne4 f5 28. Nxc5 Qa8 29. Nxb7 Qxb7 30. d6 Qb6 31. d7 Kg7 32. Rc8 Kf6 33. Rxd8 Qxd8 34. b4 Ke7 35. Bb7 f4 36.
Bxa6 fxg3 37. hxg3 h5 38. Bxb5 h4 39. gxh4 Qg8+ 40. Kf1 Kd8 41. Rc1 1-0

[Event "*** Titled Tuesday 3|2 Blitz"]
[Site "Chess.com"]
[Date "2016.10.04"]
[Round "9"]
[White "andretta"]
[Black "stefanodinn"]
[Result "1-0"]
[WhiteElo "2256"]
[BlackElo "2214"]
[TimeControl "180+2"]
[EndTime "12:49:55 PDT"]
[Termination "andretta won on time"]

1. b3 d5 2. Bb2 Nf6 3. Bxf6 gxf6 4. e3 Bg7 5. d4 O-O 6. Ne2 e5 7. c3 Re8 8. g3 b6 9. Bg2 Bb7 10. O-O c5 11. dxc5 bxc5 12. c4 e4 13. Nbc3 f5 14.
cxd5 Nd7 15. Rc1 Ne5 16. Nf4 Qa5 17. d6 Rad8 18. Qh5 Nf3+ 19. Bxf3 exf3 20. Na4 Rxd6 21. Qxf5 Rf6 22. Qxc5 Qd8 23. Qg5 Qd7 24. Nh5 Rg6 25.
Qh4 Rg4 26. Qh3 1-0

[Event "*** Titled Tuesday 3|2 Blitz"]
[Site "Chess.com"]
[Date "2016.10.04"]
[Round "9"]
[White "nihalsarin"]
[Black "dabee"]
[Result "0-1"]
[WhiteElo "2480"]
[BlackElo "2488"]
[TimeControl "180+2"]
[EndTime "12:50:02 PDT"]
[Termination "dabee won by resignation"]

1. d4 d5 2. Nc3 Nf6 3. Bf4 e6 4. Nb5 Na6 5. e3 c6 6. Nc3 Qa5 7. a3 Ne4 8. Ne2 c5 9. f3 Nxc3 10. Nxc3 Bd7 11. Bd3 Qb6 12. Rb1 cxd4 13. exd4 Qxd4 14.
Ne2 Qb6 15. Qd2 Nc5 16. Be3 Nxd3+ 17. cxd3 Bc5 18. d4 Bxa3 19. Kf2 Bb4 20. Nc3 O-O 21. h4 Rfc8 22. h5 Rc4 23. h6 g6 24. Rh4 Rac8 25. Rbh1 Bxc3 26. bxc3 Rxc3 27. Kg3 Rc2 28. Qd3 R8c3 29. Qd1 Qb2 30. R1h2 Rxe3 31. Kf4 Rc1 0-1

[Event "*** Titled Tuesday 3|2 Blitz"]
[Site "Chess.com"]
[Date "2016.10.04"]
[Round "9"]
[White "RamonManon0g"]
[Black "Carolina-moon"]
[Result "1-0"]
[WhiteElo "2224"]
[BlackElo "2156"]
[TimeControl "180+2"]
[EndTime "12:50:13 PDT"]
[Termination "RamonManon0g won on time"]

1. d4 f5 2. Bg5 g6 3. Nc3 Bg7 4. e3 Nf6 5. h4 h6 6. Bf4 d6 7. Be2 O-O 8. Qd2 Nc6 9. Nh3 e5 10. Bg3 f4 11. dxe5 fxg3 12. exf6 gxf2+ 13. Nxf2 Qxf6 14. Bf3 Ne5 15. Bd5+ Kh8 16. Nce4 Qe7 17. O-O-O c6 18. Bb3 d5 19. Nc3 b5 20. h5 g5 21. Nd3 Bf5 22.
Nxe5 Qxe5 23. Rde1 a5 24. a4 bxa4 25. Nxa4 Rab8 26.
Rhf1 Rb4 27. Qc3 Qb8 28. Qc5 Rxa4 29. Bxa4 Qxb2+ 30. Kd1 Bg4+ 31. Kd2 Bc3+ 32. Qxc3+ Qxc3+ 33. Kxc3 1-0

[Event "*** Titled Tuesday 3|2 Blitz"]
[Site "Chess.com"]
[Date "2016.10.04"]
[Round "9"]
[White "RodinMihail"]
[Black "Schemato"]
[Result "1-0"]
[WhiteElo "2358"]
[BlackElo "2313"]
[TimeControl "180+2"]
[EndTime "12:50:29 PDT"]
[Termination "RodinMihail won by checkmate"]

1. e4 e6 2. d4 d5 3. Nd2 Be7 4.
Ngf3 Nf6 5. Bd3 c5 6. c3 O-O 7. O-O b6 8. e5 Nfd7 9. Qe2 a5 10.
Re1 Ba6 11. c4 Bb7 12. cxd5 Bxd5 13. Nb3 a4 14. Nbd2 Nc6 15. Bb5 Nxd4 16. Nxd4 cxd4 17. Nf3 Bc5 18. Bd3 h6 19. Bf4 Qc7 20. Nd2 f6 21. Nc4 fxe5 22. Bg3 Qc6 23. Nxe5 Nxe5 24. Bxe5 Ra7 25. Qg4 Rff7 26. Rac1 Qa8 27. Qg6 Bxa2 28.
Qh7+ Kf8 29. Bg6 Bd5 30. Bd6+ Bxd6 31. Rc8+ Qxc8 32. Qh8+ Ke7 33. Qxc8 Rf6 34. Qe8# 1-0

[Event "*** Titled Tuesday 3|2 Blitz"]
[Site "Chess.com"]
[Date "2016.10.04"]
[Round "9"]
[White "keisyzrk"]
[Black "Tash_Boy"]
[Result "1-0"]
[WhiteElo "2299"]
[BlackElo "2436"]
[TimeControl "180+2"]
[EndTime "12:50:34 PDT"]
[Termination "keisyzrk won by resignation"]

1. d4 Nf6 2. c4 g6 3. Nc3 Bg7 4.
e4 d6 5. f3 O-O 6. Nge2 Nc6 7.
Be3 a6 8. Nc1 Nd7 9. Nb3 e5 10.
d5 Ne7 11. Be2 f5 12. O-O f4 13. Bf2 g5 14. c5 Ng6 15. cxd6 cxd6 16. a4 h5 17. a5 Nf6 18. Na4 g4 19. Nb6 Rb8 20.
Nxc8 Qxc8 21. Rc1 Qd7 22. Bb6 Rbc8 23. Qd2 Nh4 24. Rxc8 Rxc8 25. Rc1 gxf3 26. Bxf3 Ng4 27.
Rxc8+ Qxc8 28. Qc3 Qe8 29. Qc7 Qg6 30. Qd8+ Kh7 31. Qxh4 Bf6 32. Qe1 h4 33. h3 Ne3 34.
Bxe3 fxe3 35. Qxe3 Bg5 36. Qe2 Bf4 37. Bg4 Kh6 38.
Nd2 Qg7 39. Nf3 Qc7 40. Nxh4 Qc5+ 41. Kh1 Qc1+ 42. Qd1 Qe3 43. Nf5+ 1-0